 Dungeon Crawl Stone Soup version 0.30-a0-972-gf3ab3527aa (webtiles) character file.

Game seed: 15820422316524359503

3150 Zonian the Grappler (level 9, 0/51 HPs)
             Began as a Vine Stalker Gladiator on Apr 1, 2023.
             Was an Initiate of Ashenzari.
             Shot with an arrow by a centaur (2 damage)
             ... on level 8 of the Dungeon.
             The game lasted 00:19:41 (6993 turns).

Zonian the Grappler (Vine Stalker Gladiator)        Turns: 6993, Time: 00:19:42

Health: 0/51       AC:  7    Str: 26    XL:     9   Next: 93%
Magic:  0/10       EV: 13    Int:  8    God:    Ashenzari [......]
Gold:   527        SH:  8    Dex: 23    Spells: 8/8 levels left

rFire   . . .      SeeInvis .      - Unarmed
rCold   . . .      Faith    .    i - +2 buckler of Rationality {Str+6}
rNeg    . . .      Spirit   +    a - +0 leather armour
rPois   .          Reflect  .    b - +0 helmet
rElec   .          Rampage  .    s - +0 cloak
rCorr   +                        (no gloves)
Will    +....                    y - +1 pair of boots of the Cursed Firmament {Cun, Elem} (curse)
Stlth   ++                       o - amulet of magic regeneration
HPRegen 1.08/turn                p - ring of resist corrosion
MPRegen 0.52/turn                j - +6 ring of dexterity

@: hasted, very quick
A: fangs 3, regeneration 1, magic shield, antimagic bite, no potion heal 2
a: Renounce Religion, Shatter the Chains


You were on level 8 of the Dungeon.
You worshipped Ashenzari.
Ashenzari was noncommittal.
You visited 1 branch of the dungeon, and saw 8 of its levels.

You collected 648 gold pieces.
You spent 121 gold pieces at shops.

Inventory:

Missiles
 c - 2 throwing nets (quivered)
 d - 3 javelins
 g - 8 poisoned darts
Armour
 a - a +0 leather armour (worn)
 b - a +0 helmet (worn)
 i - the +2 buckler of Rationality (worn) {Str+6}
   (You acquired it on level 6 of the Dungeon)

   Str:       It affects your strength (+6).
 s - a +0 cloak (worn)
 t - a +0 kite shield
 y - the cursed +1 pair of boots of the Cursed Firmament (worn) {Cun, Elem}
   (You found it on level 5 of the Dungeon)

   It has a curse which improves the following skills: Cunning: Dodging and
   Stealth.
   Elements:  Fire Magic, Ice Magic, Air Magic and Earth Magic.
Jewellery
 h - a ring of protection from fire
 j - a +6 ring of dexterity (right hand)
 o - an amulet of magic regeneration (around neck)
 p - a ring of resist corrosion (left hand)
 B - a ring of wizardry
Wands
 w - a wand of charming (9)
 I - a wand of flame (26)
 J - a wand of mindburst (14)
Scrolls
 l - a scroll of enchant weapon
 m - 2 scrolls of vulnerability
 r - a scroll of magic mapping {unknown}
 v - 3 scrolls of noise
 A - a scroll of teleportation
 H - a scroll of identify
 K - a scroll of enchant armour
Potions
 e - a potion of resistance {unknown}
 f - 2 potions of mutation {unknown}
 k - 4 potions of brilliance
 n - 2 potions of might
 q - a potion of haste
 u - 2 potions of curing
 x - 2 potions of lignification {unknown}
 z - 3 potions of attraction
 C - a potion of ambrosia
 D - 4 potions of cancellation
 E - a potion of degeneration
 F - 2 potions of flight
 G - a potion of heal wounds {unknown}


   Skills:
 + Level 8.3 Fighting
 - Level 2.3 Throwing
 - Level 2.8(3.2) Dodging
 - Level 4.0 Shields
 + Level 9.4 Unarmed Combat


You had 8 spell levels left.
You didn't know any spells.
Your spell library contained the following spells:

 Spells                   Type           Power      Damage    Failure   Level
 Sublimation of Blood     Necr           0%         N/A       69%         2
 Wereblood                Tmut           0%         N/A       69%         2
 Summon Hydra             Summ           0%         N/A       100%        7


Dungeon Overview and Level Annotations

Branches:
Dungeon (8/15)             Temple (0/1) D:7
   Lair: D:8-11

Altars:
Ashenzari
Elyvilon
Fedhas
Hepliaklqana
Kikubaaqudgha
Nemelex Xobeh
Okawaru
Sif Muna
Uskayaw
Wu Jian

Shops:
D:3 :*([[   D:4 *


Innate Abilities, Weirdness & Mutations

You have razor-sharp teeth.
Your natural rate of healing is unusually fast.
When hurt, damage is shared between your health and your magic reserves.
Your bite disrupts and absorbs the magic of your enemies.
Potions cannot restore your health.


Message History

The killer bee completely misses you. You block the killer bee's attack.
Unknown command.
As you read the scroll of teleportation, it crumbles to dust.
You feel strangely unstable. The killer bee stings you.
You are poisoned.
The killer bee poisons you!
The killer bee stings you but does no damage.
The killer bee stings you.
* * * LOW HITPOINT WARNING * * *
The killer bee attacks as you move away!
You block the killer bee's attack.
The killer bee attacks as you move away!
The killer bee stings you.
* * * LOW HITPOINT WARNING * * *
You feel very sick.
The killer bee stings you but does no damage.
You block the killer bee's attack.
The killer bee attacks as you move away!
The killer bee misses you.
You feel sick. You block the killer bee's attack. x2
The killer bee attacks as you move away!
The killer bee stings you.
* * * LOW HITPOINT WARNING * * *
You are more poisoned.
The killer bee poisons you!
Your surroundings suddenly seem different.
* * * LOW HITPOINT WARNING * * *
You feel very sick.
The centaur wields a +0 shortbow.
The centaur shoots an arrow.
The arrow hits you.
* * * LOW HITPOINT WARNING * * *
It was a potion of cancellation.
You feel magically purged.
* * * LOW HITPOINT WARNING * * *
You feel very sick.
The centaur shoots an arrow.
You block the arrow.
It was a potion of haste.
You feel yourself speed up.
* * * LOW HITPOINT WARNING * * *
You feel sick.
The centaur shoots an arrow.
The arrow barely misses you.
It was a potion of curing.
Your system rejects the healing.
You feel better.
The centaur shoots an arrow.
The arrow hits you!
You die...

#.............#
##.......)..)†##
####.........#..#
#....#.......##..#
......#......##..#
#......#......##..#
###...≈≈####....##..#
#.....≈...cP....##..#
#.#...≈≈####..@####.#
#.#.......###### #.#
#.#........# #.##
###.##.....#.####
#..#
.....####<.#....#
#..#
.......#..##....#
#..#
...#.#.......#..#
#..#
.#.....#...#....#
##.#
....#....#....#.##
###.#


You could see a centaur.

Vanquished Creatures
  Pikel (D:5)
  A wyvern (D:8)
  A steam dragon (D:8)
  A water moccasin (D:6)
  5 ice beasts
  2 ogres (D:6)
  A centaur (D:7)
  4 lemures (D:4)
  2 bullfrogs (D:8)
  A jelly (D:5)
  8 wights (D:7)
  2 scorpions
  2 killer bees (D:8)
  A howler monkey (D:5)
  3 hounds
  A gnoll bouda (D:6)
  Crazy Yiuf (D:2)
  2 iguanas
  2 sleepcaps
  9 orc wizards
  11 gnolls
  7 adders
  3 shadow imps (D:6)
  2 white imps
  An ufetubus (D:5)
  A worm (D:5)
  4 dart slugs
  24 orcs
  8 bats
  9 endoplasms
  4 giant cockroaches
  A goblin (D:3)
  3 hobgoblins
  3 jackals (D:5)
  4 quokkas
  3 ball pythons
  2 frilled lizards
  6 kobolds
  7 rats
153 creatures vanquished.

Vanquished Creatures (others)
  A killer bee (D:8)
  An adder (D:6)
  7 fungi (D:4)
  3 plants (D:4)
  7 withered plants (D:5)
19 creatures vanquished.

Grand Total: 172 creatures vanquished

Notes
Turn   | Place    | Note
-------+----------+-------------------------------------------
     0 | D:1      | Zonian the Vine Stalker Gladiator began the quest for the
                  | Orb.
     0 | D:1      | Reached XP level 1. HP: 11/11 MP: 2/2
   161 | D:1      | Reached XP level 2. HP: 15/15 MP: 3/3
   660 | D:2      | Reached XP level 3. HP: 4/18 MP: 1/4
  1360 | D:2      | Gained mutation: Your natural rate of healing is unusually
                  | fast. [Vine Stalker growth]
  1360 | D:2      | Reached XP level 4. HP: 22/23 MP: 5/5
  1440 | D:2      | Found a runed translucent door.
  1441 | D:2      | Noticed Crazy Yiuf
  1453 | D:2      | Killed Crazy Yiuf
  1629 | D:3      | Found an ornate altar of the Wu Jian Council.
  1655 | D:3      | Found a hazy altar of Hepliaklqana.
  1746 | D:3      | Found Irig's Antique Armour Boutique.
  1758 | D:3      | Found Dekisut's Antique Weapon Shoppe.
  1774 | D:3      | Found Zant's Book Shoppe.
  1899 | D:3      | Found Papij's Assorted Antiques.
  1907 | D:3      | Bought a scroll labelled BUCIKU RIAGEAJUT for 18 gold
                  | pieces
  1907 | D:3      | Bought a bubbling white potion for 16 gold pieces
  1907 | D:3      | Bought a scroll labelled LOZAAJOUPRO for 18 gold pieces
  1927 | D:3      | Found Lygothu's Antique Armour Emporium.
  2047 | D:3      | Reached skill level 4 in Unarmed Combat
  2433 | D:4      | Reached XP level 5. HP: 28/28 MP: 6/6
  2603 | D:4      | Found Fitiddagh's Assorted Antiques.
  2609 | D:4      | Bought a gluggy blue potion for 22 gold pieces
  2609 | D:4      | Bought a scroll labelled LOZAAJOUPRO for 25 gold pieces
  2609 | D:4      | Bought a bubbling white potion for 22 gold pieces
  3106 | D:5      | Entered Level 5 of the Dungeon
  3358 | D:5      | Noticed an ice beast
  3378 | D:5      | Killed an ice beast
  3379 | D:5      | Reached skill level 5 in Unarmed Combat
  3379 | D:5      | Reached XP level 6. HP: 33/33 MP: 7/7
  3400 | D:5      | Noticed Pikel
  3543 | D:5      | Noticed an ice beast
  3574 | D:5      | Killed an ice beast
  3575 | D:5      | Reached XP level 7. HP: 38/38 MP: 8/8
  3867 | D:5      | Reached skill level 5 in Fighting
  3867 | D:5      | Reached skill level 6 in Unarmed Combat
  3985 | D:5      | HP: 1/39 [ice beast (10)]
  4324 | D:5      | Found an ancient bone altar of Kikubaaqudgha.
  4580 | D:5      | Killed Pikel
  4581 | D:5      | Reached skill level 7 in Unarmed Combat
  4581 | D:5      | Gained mutation: You have razor-sharp teeth. [Vine Stalker
                  | growth]
  4581 | D:5      | Reached XP level 8. HP: 19/45 MP: 5/9
  4906 | D:6      | Identified a scroll of acquirement
  4906 | D:6      | Acquired the +2 buckler of Rationality {Str+6}
  4947 | D:6      | Reached skill level 8 in Unarmed Combat
  4991 | D:6      | Reached skill level 1 in Shields
  4991 | D:6      | Reached XP level 9. HP: 36/50 MP: 6/10
  5032 | D:6      | Found a hide-covered altar of Uskayaw.
  5032 | D:6      | Found an iron altar of Okawaru.
  5033 | D:6      | Found a sparkling altar of Nemelex Xobeh.
  5447 | D:5      | Noticed a rust devil
  5447 | D:5      | Noticed a rust devil
  5648 | D:6      | Found a blossoming altar of Fedhas.
  5679 | D:6      | Found a broken altar of Ashenzari.
  5692 | D:6      | Became a worshipper of Ashenzari the Shackled
  6101 | D:7      | Found a staircase to the Ecumenical Temple.
  6308 | D:7      | Found a white marble altar of Elyvilon.
  6364 | D:7      | Found a shimmering blue altar of Sif Muna.
  6683 | D:8      | Reached skill level 9 in Unarmed Combat
  6992 | D:8      | HP: 2/51 [poisoned by a killer bee]
  6993 | D:8      | Shot with an arrow by a centaur

Illustrated notes

Levels and vault maps discovered:
D:1:      lightli_arrival_isolated_outpost, layout_basic
D:2:      layout_basic, minmay_stone_trees_small, uniq_crazy_yiuf_cottage
D:3:      layout_basic, nicolae_overflow_crystal_walls,
          nicolae_overflow_hidden_temple, serial_shops,
          nicolae_shop_hallway_plus, nicolae_shop_statue_plus,
          nicolae_shop_hallway_stairs, nicolae_square_shop, nicolae_square_shop
D:4:      layout_loops_ring, serial_shops, nicolae_shop_overgrown_old_shop,
          serial_aquarium, aquarium_bridge_straight [aquarium_subvault_bridge,
          aquarium_subvault_balcony, aquarium_subvault_bridge,
          aquarium_subvault_window], aquarium_bridge_square
          [aquarium_subvault_balcony, aquarium_subvault_wall,
          aquarium_subvault_wall, aquarium_subvault_bridge],
          aquarium_window_fake, aquarium_window_double, aquarium_view_2g,
          aquarium_view_2a, aquarium_balcony_5a
D:5:      cheibrodos_iron_armory, layout_gridville, kiku_gazebo_garden_becter,
          dreamdust_princess_corridor, uniq_pikel
D:6:      layout_basic, mainiacjoe_overflow_two_lobes,
          gammafunk_temple_overflow_claw, grunt_ministairs_9
D:7:      layout_loops_ring, mainiacjoe_overflow_brackets,
          lemuel_blue_sif_altar, temple_fountains
D:8:      layout_cave_pods, nicolae_kite_square_tiling_tiny,
          kb_lookout_dungeons_type

Skill      XL: |  1  2  3  4  5  6  7  8  9 |
---------------+----------------------------+-----
Fighting       | 2 3 4 6 7 8 |  8.3
Throwing       | 2 |  2.3
Unarmed Combat | 4 5 7 8 9 |  9.4
Shields        | 1 4 |  4.0
Dodging        | |  2.8

Action                     |  1- 3 |  4- 6 |  7- 9 || total
---------------------------+-------+-------+-------++-------
  Melee: Unarmed           |    85 |   153 |   335 ||   573
         Bite              |    24 |    52 |   112 ||   188
         Punch             |     3 |     5 |     9 ||    17
  Throw: Throwing net      |     2 |       |     1 ||     3
         Dart              |       |     4 |    10 ||    14
         Javelin           |       |     3 |     4 ||     7
 Invoke: Curse Item        |       |       |     1 ||     1
  Evoke: Wand              |       |     1 |     4 ||     5
    Use: Scroll            |       |     5 |    10 ||    15
         Potion            |       |       |     3 ||     3
   Stab: Sleeping          |     2 |     5 |     1 ||     8
         Held in net/web   |       |       |     2 ||     2
 Armour: Leather armour    |    27 |    30 |    65 ||   122
  Dodge: Dodged            |    59 |    91 |   163 ||   313
  Block: Buckler           |       |       |    69 ||    69

Table legend: (Time is in decaauts)
 A = Elapsed time spent in this place.
 B = Non-inter-level travel time spent in this place.
 C = Inter-level travel time spent in this place.
 D = Time resting spent in this place.
 E = Time spent auto-exploring this place.
 F = Levels seen in this place.
 G = Mean time per level.
                   A        B        C        D        E       F      G
               +--------+--------+--------+--------+--------+-----+--------+
         Total |   6960 |   6677 |    283 |    886 |   3668 |   8 |  870.0 |
       Dungeon |   6960 |   6677 |    283 |    886 |   3668 |   8 |  870.0 |
               +--------+--------+--------+--------+--------+-----+--------+

Top non-repeatable levels by time:
     D:5: 1341 daAuts
     D:6: 1015 daAuts
     D:2: 988 daAuts
     D:4: 923 daAuts
     D:7: 866 daAuts
     D:3: 784 daAuts
     D:1: 655 daAuts
     D:8: 385 daAuts
